 Seeded DCSS version 0.30-a0-218-gedb9141078 (webtiles) character file.

Game seed: 12090914615902206718 (custom seed)

7742 valliere the Covert (level 11, -3/74 HPs)
             Began as an Octopode Transmuter on Oct 4, 2022.
             Was an Initiate of Gozag.
             Slain by a six-headed hydra (4 damage)
             ... on level 9 of the Dungeon on Oct 5, 2022.
             The game lasted 00:28:41 (8985 turns).

valliere the Covert (Octopode Transmuter)           Turns: 8985, Time: 00:28:43

Health: -3/74      AC:  2    Str: 19    XL:     11   Next: 20%
Magic:  0/23       EV: 16    Int: 14    God:    Gozag
Gold:   684        SH:  0    Dex: 14    Spells: 13/14 levels left

rFire   . . .      SeeInvis +    i - +8 dagger of Currency {drain, Str+7 Int-2 SInv}
rCold   . . .      Faith    .    (no shield)
rNeg    . . .      Spirit   +    v - +1 hat
rPois   .          Reflect  .    o - amulet of guardian spirit
rElec   +          Harm     .    f - ring "Peisurej" {rElec MP+9}
rCorr   .          Rampage  .    (no ring)
Will    .....                    (no ring)
Stlth   +++++++...               (no ring)
HPRegen 0.32/turn                (no ring)
MPRegen 0.18/turn                (no ring)
                                 (no ring)
                                 (no ring)

@: mighty, studying 2 skills
A: almost no armour, amphibious, 8 rings, camouflage 1, gelatinous body 1,
(nimble swimmer 1), tentacles
a: Renounce Religion, Potion Petition, Call Merchant, Bribe Branch


You were on level 9 of the Dungeon.
You worshipped Gozag.
Gozag was pleased with you.
You visited 2 branches of the dungeon, and saw 10 of its levels.
You also visited: Bailey.

You collected 806 gold pieces.
You paid 122 gold pieces to Gozag.

Inventory:

Hand Weapons
 i - the +8 dagger of Currency (weapon) {drain, Str+7 Int-2 SInv}
   (You found it on level 2 of the Dungeon)

   A truly terrible weapon, it drains the life of any living foe it strikes.
   Str:       It affects your strength (+7).
   Int:       It affects your intelligence (-2).
   SInv:      It lets you see invisible.
Missiles
 g - 31 poisoned darts
Armour
 v - a +1 hat (worn)
Jewellery
 f - the ring "Peisurej" (left tentacle) {rElec MP+9}
   (You acquired it on level 6 of the Dungeon)

   [ring of magical power]

   rElec:     It insulates you from electricity.
   MP:        It affects your magic capacity (+9).
 o - an amulet of guardian spirit (around mantle)
 p - an amulet of the acrobat
 r - a ring of ice
 x - a ring of poison resistance
Wands
 e - a wand of paralysis (3)
 q - a wand of iceblast (12)
Scrolls
 c - a scroll of vulnerability
 j - 3 scrolls of magic mapping
 k - 2 scrolls of teleportation
 t - a scroll of noise
 w - 2 scrolls of immolation {unknown}
 y - a scroll of enchant weapon {unknown}
Potions
 a - 2 potions of lignification
 b - a potion of degeneration {unknown}
 d - 7 potions of brilliance
 h - 4 potions of might
 l - 3 potions of attraction
 m - 2 potions of curing {unknown}
 n - a potion of heal wounds
 u - a potion of mutation {unknown}


   Skills:
 + Level 6.6 Fighting
 * Level 9.5 Short Blades
 + Level 7.0 Dodging
 * Level 14.1 Stealth
 - Level 3.0 Unarmed Combat
 - Level 2.0 Spellcasting
 + Level 7.5 Transmutations


You had 13 spell levels left.
You knew the following spells:

 Your Spells              Type           Power      Damage    Failure   Level
a - Beastly Appendage     Tmut           44%        N/A       1%          1

Your spell library contained the following spells:

 Spells                   Type           Power      Damage    Failure   Level
 Wereblood                Tmut           22%        N/A       1%          2
 Spider Form              Tmut/Pois      11%        N/A       16%         3
 Slow                     Hex            4%         N/A       24%         1
 Blade Hands              Tmut           11%        N/A       30%         5
 Blink                    Tloc           2%         N/A       34%         2
 Cigotuvi's Dreadful Rot  Necr/Pois/Air  2%         N/A       34%         2
 Momentum Strike          Conj/Tloc      2%         3d8       34%         2
 Ice Form                 Ice/Tmut       11%        N/A       45%         4
 Confusing Touch          Hex            1%         N/A       56%         3
 Lesser Beckoning         Tloc           2%         N/A       56%         3
 Portal Projectile        Hex/Tloc       2%         N/A       56%         3
 Summon Guardian Golem    Hex/Summ       1%         N/A       56%         3
 Tukima's Dance           Hex            1%         N/A       56%         3
 Vampiric Draining        Necr           1%         2d6       56%         3
 Dispel Undead            Necr           1%         3d6       93%         4
 Death Channel            Necr           0%         N/A       100%        6
 Orb of Destruction       Conj           0%         9d5       100%        7
 Spellforged Servitor     Conj/Summ      0%         N/A       100%        7


Dungeon Overview and Level Annotations

Branches:
Dungeon (9/15)             Temple (1/1) D:7          Bailey (visited)
   Lair: D:8-11         Orc: D:9-12

Altars:
Ashenzari
Cheibriados
Dithmenos
Elyvilon
Fedhas
Gozag
Hepliaklqana
Makhleb
Nemelex Xobeh
Okawaru
Qazlal
Ru
Sif Muna
Trog
Uskayaw
Vehumet
Wu Jian
Xom
Yredelemnul
Zin
The Shining One

Annotations:
D:3 3 runed translucent doors, logorrheac's ghost, amateur GnWn
D:6 exclusions: centaur and 4 more exclusions


Innate Abilities, Weirdness & Mutations

You cannot wear most types of armour.
You are amphibious.
You can wear up to eight rings at the same time.
Your skin changes colour to match your surroundings (Stealth+).
Your rubbery body absorbs attacks. (AC +1, EV +1)
((You are camouflaged when in or above water. (Stealth+)))
You have tentacles for arms and can constrict up to eight enemies at once.


Message History

A six-headed hydra comes into view.
Found a stone staircase leading up.
The six-headed hydra roars!
You hit the six-headed hydra. You drain the six-headed hydra.
Your squeeze misses the six-headed hydra.
The six-headed hydra is lightly wounded.
Okay, then.
Okay, then.
Okay, then.
You feel very mighty all of a sudden.
The six-headed hydra bites you! x2; The six-headed hydra barely misses you.
The six-headed hydra bites you. The six-headed hydra bites you! x2
Unknown command.
You are too injured to fight recklessly!
You puncture the six-headed hydra! You drain the six-headed hydra.
The six-headed hydra is moderately wounded.
The six-headed hydra barely misses you. The six-headed hydra bites you.
The six-headed hydra closely misses you. x2
The six-headed hydra misses you. The six-headed hydra bites you!
* * * LOW HITPOINT WARNING * * *
You hit the six-headed hydra. You drain the six-headed hydra.
The six-headed hydra is moderately wounded.
You barely miss the six-headed hydra.
The six-headed hydra is moderately wounded.
The six-headed hydra barely misses you. The six-headed hydra bites you.
* * * LOW HITPOINT WARNING * * *
The six-headed hydra bites you!
* * * LOW HITPOINT WARNING * * *
The six-headed hydra bites you.
* * * LOW HITPOINT WARNING * * *
The six-headed hydra bites you but does no damage.
The six-headed hydra bites you.
* * * LOW HITPOINT WARNING * * *
As you read the scroll of fear, it crumbles to dust.
You assume a fearsome visage.
The six-headed hydra easily resists.
The six-headed hydra closely misses you.
The six-headed hydra completely misses you.
The six-headed hydra misses you. The six-headed hydra bites you.
You die...
Your body crumbles into a pile of gold.

......###..........#..
##........#.............
#..........$.......##.##
#.................#..#
#.........<......###.#
#..#.$.......### ...
##....###..##........
#...D..#..###........#
#....@....# ##........
#....#....# .....##
#######?#...# ......#
####........#..
##........# ... ..


You could see a six-headed hydra (drained).

Vanquished Creatures
  A two-headed ogre (D:9)
  An orc knight (Bailey)
  A cyclops (D:7)
  An orc sorcerer (Bailey)
  Maurice (D:8)
  A kobold demonologist (Bailey)
  A troll (D:7)
  A hornet (D:6)
  Sigmund (D:2)
  A vampire (D:7)
  A wyvern (D:7)
  2 water moccasins (D:6)
  A black bear (D:5)
  2 ice beasts (D:7)
  10 orc warriors
  2 ogres (D:5)
  A centaur (D:6)
  A phantom (D:7)
  4 kobold brigands
  Blork the orc (D:6)
  2 necrophages
  4 bullfrogs
  5 scorpions
  5 wights
  4 electric eels (Bailey)
  7 howler monkeys
  5 hounds
  2 orc priests
  3 jellies
  8 iguanas
  Ijyb (D:4)
  Terence (D:3)
  7 orc wizards
  Natasha (twice) (D:2)
  9 gnolls
  5 adders
  A shadow imp (D:7)
  A white imp (D:5)
  2 ufetubi (D:4)
  A worm (D:5)
  A dart slug (D:4)
  27 orcs
  2 bats
  5 endoplasms
  A giant cockroach (D:1)
  15 goblins
  18 hobgoblins
  3 jackals (D:1)
  6 quokkas
  4 ball pythons
  5 frilled lizards
  18 kobolds
  3 rats
218 creatures vanquished.

Notes
Turn   | Place    | Note
-------+----------+-------------------------------------------
     0 | D:1      | valliere the Octopode Transmuter began the quest for the
                  | Orb.
     0 | D:1      | Reached XP level 1. HP: 13/13 MP: 3/3
   258 | D:1      | Reached XP level 2. HP: 17/18 MP: 3/5
   524 | D:1      | Reached skill level 1 in Stealth
   750 | D:1      | Upgraded the game from 0.30-a0-210-g01b79a254e to
                  | 0.30-a0-218-gedb9141078
   801 | D:1      | Reached skill level 1 in Short Blades
  1291 | D:2      | Reached XP level 3. HP: 17/23 MP: 6/6
  1356 | D:2      | Noticed Sigmund
  1574 | D:2      | Identified the +8 dagger of Currency {drain, Str+7 Int-2
                  | SInv}
  1781 | D:2      | Killed Sigmund
  1782 | D:2      | Reached skill level 3 in Stealth
  1782 | D:2      | Reached XP level 4. HP: 29/29 MP: 5/7
  1782 | D:2      | Reached XP level 5. HP: 34/34 MP: 5/8
  1845 | D:2      | Noticed Natasha
  1851 | D:2      | Killed Natasha
  1852 | D:2      | Reached XP level 6. HP: 23/39 MP: 9/9
  2082 | D:2      | Noticed Natasha
  2087 | D:2      | Killed Natasha
  2167 | D:3      | Found a runed translucent gate.
  2167 | D:3      | Found a runed translucent gate.
  2168 | D:3      | Found a runed translucent gate.
  2264 | D:3      | Noticed Terence
  2268 | D:3      | Killed Terence
  2588 | D:3      | Found a faded altar of an unknown god.
  2746 | D:3      | Noticed logorrheac's ghost (amateur GnWn)
  2773 | D:4      | Reached XP level 7. HP: 41/45 MP: 8/10
  2867 | D:4      | Found a shimmering blue altar of Sif Muna.
  2871 | D:4      | Found an ornate altar of the Wu Jian Council.
  2875 | D:4      | Reached skill level 4 in Stealth
  3549 | D:4      | Noticed Ijyb
  3562 | D:4      | Killed Ijyb
  3896 | D:5      | Entered Level 5 of the Dungeon
  3899 | D:5      | Found a bloodstained altar of Trog.
  3924 | D:5      | Reached XP level 8. HP: 48/52 MP: 9/11
  3949 | D:5      | Reached skill level 5 in Short Blades
  4107 | D:5      | Reached skill level 5 in Stealth
  5146 | D:6      | Reached skill level 6 in Stealth
  5226 | D:6      | Reached XP level 9. HP: 50/59 MP: 10/12
  5278 | D:6      | Reached skill level 5 in Dodging
  5278 | D:6      | Reached skill level 5 in Transmutations
  5668 | D:6      | Noticed Blork the orc
  5675 | D:6      | Killed Blork the orc
  5699 | D:6      | Noticed a +0 hand axe
  5699 | D:6      | Noticed a +0 hand axe
  5700 | D:6      | Found a hide-covered altar of Uskayaw.
  5708 | D:6      | Noticed a hornet
  5715 | D:6      | Paralysed by a hornet for 1 turns
  5716 | D:6      | Killed a hornet
  5860 | D:6      | Reached skill level 7 in Stealth
  6163 | D:6      | Identified 2 scrolls of acquirement
  6164 | D:6      | Acquired a manual of Stealth
  6166 | D:6      | Acquired the ring "Peisurej" {rElec MP+9}
  6274 | D:6      | Reached skill level 5 in Fighting
  6484 | D:7      | Reached skill level 8 in Stealth
  6738 | D:7      | Reached skill level 9 in Stealth
  6881 | D:7      | Reached XP level 10. HP: 66/66 MP: 13/13
  6897 | D:7      | Reached skill level 10 in Stealth
  6901 | D:7      | Noticed a cyclops
  6919 | D:7      | Killed a cyclops
  7050 | D:7      | Reached skill level 11 in Stealth
  7425 | D:7      | Found an iron altar of Okawaru.
  7426 | D:7      | Found a sparkling altar of Nemelex Xobeh.
  7426 | D:7      | Found a basalt altar of Yredelemnul.
  7426 | D:7      | Found a white marble altar of Elyvilon.
  7426 | D:7      | Found a blossoming altar of Fedhas.
  7561 | D:7      | Found a staircase to the Ecumenical Temple.
  7570 | Temple   | Entered the Ecumenical Temple
  7585 | Temple   | Became a worshipper of Gozag Ym Sagoz the Greedy
  7884 | D:8      | Noticed Maurice
  7916 | D:8      | Killed Maurice
  8003 | D:8      | You fall into a shaft and drop 1 floor!
  8009 | D:9      | Noticed a two-headed ogre
  8011 | D:9      | Found a flagged portal.
  8028 | D:9      | Killed a two-headed ogre
  8029 | D:9      | Reached skill level 12 in Stealth
  8047 | Bailey   | Entered a bailey
  8094 | Bailey   | Acquired a manual of Transmutations
  8200 | Bailey   | Noticed an orc knight
  8204 | Bailey   | Reached skill level 13 in Stealth
  8205 | Bailey   | Killed an orc knight
  8206 | Bailey   | Reached XP level 11. HP: 74/74 MP: 14/14
  8344 | Bailey   | Found an iron altar of Okawaru.
  8344 | Bailey   | Noticed an orc sorcerer
  8363 | Bailey   | Killed an orc sorcerer
  8364 | Bailey   | Reached skill level 14 in Stealth
  8371 | Bailey   | HP: 3/74 [poisoned by an orange demon]
  8610 | Bailey   | Identified the +1 robe of the Tundras {Str-2 Int+2 Dex+9}
  8971 | D:9      | Noticed a six-headed hydra
  8984 | D:9      | HP: 1/74 [six-headed hydra (3)]
  8985 | D:9      | Slain by a six-headed hydra

Illustrated notes

Levels and vault maps discovered:
D:1:      minmay_arrival_checkered_box, layout_loops_corners, serial_forest,
          infiniplex_forest_fountain, infiniplex_forest_straight_2,
          infiniplex_forest_corner_1, infiniplex_forest_lined_room_2,
          infiniplex_forest_lined_1, infiniplex_forest_clump_tiny,
          roderic_lattice_a, minmay_pentomino_t2
D:2:      layout_loops_ring, kennysheep_generic_room_14, uniq_sigmund,
          uniq_natasha
D:3:      minmay_angry_zag, layout_basic, gammafunk_ghost_necromancy,
          basic_ecumenical_altar, uniq_terence
D:4:      layout_cave_pods, jmf_multi_god_temple, corexii_corridor_pit,
          uniq_ijyb
D:5:      layout_loops_corners, bloody_trog
D:6:      layout_loops_ring, dancing_weapons_uskayaw, centaur_isle,
          uniq_blork_the_orc
D:7:      wad_guarded_room, layout_gridville,
          chequers_temple_overflow_statue_of_worship,
          nemelex_xobeh_ov_fountains_minmay, lemuel_temple_firewalk_b,
          amcnicky_mini_rare_corridor_liquid
D:8:      layout_basic, uniq_maurice
D:9:      layout_cave_pools, old_standard_altar, enter_bailey_4,
          minmay_stone_trees_medium
Temple:   nicolae_temple_hex_pool

Skill      XL: |  1  2  3  4  5  6  7  8  9 10 11 |
---------------+----------------------------------+-----
Stealth        | 1 3 4 6 9 13 14 | 14.1
Short Blades   | 1 2 3 4 6 7 9 |  9.5
Fighting       | 2 3 4 5 6 |  6.6
Dodging        | 3 4 5 6 7 |  7.0
Transmutations | 3 4 5 7 |  7.5
Unarmed Combat | |  3.0
Spellcasting   | |  2.0

Action                   |  1- 3 |  4- 6 |  7- 9 | 10-12 || total
-------------------------+-------+-------+-------+-------++-------
Melee: Unarmed           |    43 |       |       |       ||    43
       Constrict         |    13 |    14 |    43 |    34 ||   104
       Tentacles         |     7 |     9 |    50 |    47 ||   113
       Kick              |     6 |     8 |    65 |     5 ||    84
       Punch             |     1 |     2 |     6 |     5 ||    14
       Dagger            |     9 |    35 |   198 |   181 ||   423
Throw: Dart              |       |       |     4 |     1 ||     5
 Cast: Beastly Appendage |    15 |     9 |    31 |     1 ||    56
  Use: Scroll            |       |     5 |     7 |     5 ||    17
       Potion            |       |       |       |     3 ||     3
 Stab: Sleeping          |     6 |     5 |    16 |    14 ||    41
       Distracted        |       |     1 |     1 |       ||     2
Armor: Skin              |     1 |     1 |     6 |     7 ||    15
Dodge: Dodged            |    28 |    16 |   118 |    82 ||   244

Table legend: (Time is in decaauts)
 A = Elapsed time spent in this place.
 B = Non-inter-level travel time spent in this place.
 C = Inter-level travel time spent in this place.
 D = Time resting spent in this place.
 E = Time spent auto-exploring this place.
 F = Levels seen in this place.
 G = Mean time per level.
                   A        B        C        D        E       F      G
               +--------+--------+--------+--------+--------+-----+--------+
         Total |   8837 |   8506 |    331 |    181 |   6820 |  11 |  803.4 |
       Dungeon |   7990 |   7666 |    324 |    181 |   6218 |   9 |  887.8 |
        Temple |     73 |     66 |      7 |      0 |     53 |   1 |   73.0 |
        Bailey |    773 |    773 |      0 |      0 |    549 |   1 |  773.0 |
               +--------+--------+--------+--------+--------+-----+--------+

Top non-repeatable levels by time:
     D:7: 1524 daAuts
     D:1: 1337 daAuts
     D:6: 1294 daAuts
     D:4: 1122 daAuts
     D:5: 1035 daAuts
     D:2: 779 daAuts
  Bailey: 773 daAuts
     D:3: 636 daAuts
     D:9: 160 daAuts
     D:8: 99 daAuts
  Temple: 73 daAuts
